 Dungeon Crawl Stone Soup version 0.31-a0-180-g519b7de00c (webtiles) character file.

Game seed: 5508921068260573809

570 qw the Chopper (level 7, -3/44 HPs)
             Began as a Gargoyle Fighter on June 20, 2023.
             Killed by divine providence
             ... invoked by an orc priest
              (12 damage)
             ... on level 5 of the Dungeon.
             The game lasted 00:01:25 (3516 turns).

qw the Chopper (Gargoyle Fighter)                   Turns: 3516, Time: 00:01:26

Health: -3/44      AC: 17    Str: 22    XL:     7   Next: 34%
Magic:  7/7        EV:  3    Int:  8    God:
Gold:   235        SH:  0    Dex: 15    Spells: 6/6 levels left

rFire   . . .        Y - +1 war axe
rCold   . . .        c - +0 buckler
rNeg    + . .        f - +0 plate armour
rPois   inf          (no helmet)
rElec   +            (no cloak)
rCorr   .            (no gloves)
SInv    .            r - +0 pair of boots
Will    +....        (no amulet) Stlth
                     g - ring of willpower
HPRegen 0.27/turn    o - +6 ring of dexterity
MPRegen 0.10/turn

%: no passive effects
@: about to teleport, held
A: sickness immunity, AC +4, negative energy resistance 1, electricity
resistance, torment resistance 1, petrification resistance
a: no special abilities


You were on level 5 of the Dungeon.
You visited 2 branches of the dungeon, and saw 6 of its levels.

You collected 235 gold pieces.


Innate Abilities, Weirdness & Mutations

You are immune to sickness and miasma.
Your stone body is resilient. (AC +4)
You are immune to poison.
You resist negative energy. (rN+)
You are resistant to electric shocks. (rElec)
You are resistant to unholy torment.
You are immune to petrification.


   Skills:
 - Level 4.8 Fighting
 - Level 6.1 Axes
 - Level 1.0 Throwing
 + Level 3.2 Armour
 - Level 1.2 Dodging
 - Level 3.2 Shields


You had 6 spell levels left.
You didn't know any spells.
Your spell library was empty.

Inventory:

Hand Weapons
 p - a +0 flail
 Y - a +1 war axe (weapon)
Missiles
 k - 4 boomerangs
 l - a javelin (quivered)
Armour
 c - a +0 buckler (worn)
 f - a +0 plate armour (worn)
 r - a +0 pair of boots (worn)
Jewellery
 g - a ring of willpower (left hand)
 o - a +6 ring of dexterity (right hand)
Scrolls
 a - a scroll of identify
Potions
 b - a potion of mutation
 d - a potion of might
 h - a potion of curing
 j - a potion of attraction
 m - a potion of enlightenment {unknown}
 n - a potion of magic {unknown}

Dungeon Overview and Level Annotations

Branches:
Dungeon (5/15)             Temple (1/1) D:4

Altars:
Elyvilon
Fedhas
Gozag
Kikubaaqudgha
Makhleb
Nemelex Xobeh
Qazlal
Trog
Uskayaw
Wu Jian
Zin
The Shining One

Shops:
D:3 :   D:5 (


Message History

You hit Edmund.
Edmund is almost dead.
Edmund hits you but does no damage.
You barely miss Edmund.
Edmund is almost dead.
Edmund hits you with a +1 flail of holy wrath.
Edmund says, "Maybe I'll buy a title.
How does Count Edmund sound?"
You block Edmund's attack.
You hit Edmund but do no damage.
Edmund is almost dead.
Edmund hits you with a +1 flail of holy wrath!
3512 ||| READING 2 scrolls of teleportation.
As you read the scroll of teleportation, it crumbles to dust.
You feel strangely unstable. Edmund barely misses you.
3513 ||| DRINKING potion of heal wounds.
You feel much better.
Edmund hits you with a +1 flail of holy wrath.
You hit Edmund.
Edmund is almost dead.
Edmund hits you with a +1 flail of holy wrath.
You hit Edmund.
You kill Edmund!
Your surroundings suddenly seem different. 4 orcs, 4 gnolls and a phantom come into view.
Found 9 gold pieces, a club and a dagger.
Found an escape hatch in the ceiling.
The orc shouts!
The orc priest shouts!
The orc wizard shouts!
The gnoll shouts! x3
The gnoll throws a throwing net.
The throwing net hits you.
You become entangled in the net!
The gnoll hits you from afar with a +0 spear!
Your Axes skill increases to level 6!
3516 ||| READING scroll of teleportation.
As you read the scroll of teleportation, it crumbles to dust.
You feel strangely unstable.
The phantom hits you but does no damage.
The gnoll hits you but does no damage.
The orc priest mumbles some strange prayers to Beogh against you.
Beogh smites you!
You die...

#.)......
#........
#........
.######<.......
\..............
.......o.......
......oo....#
..$.ggo@W...#
.....g......#
#....g......#
#)..........#
#############


You could see a phantom, an orc priest, an orc wizard, 4 gnolls and 2 orcs.

Vanquished Creatures
  Edmund (D:5)
  An ice beast (D:4)
  A scorpion (D:4)
  An orc priest (D:4)
  2 hounds (D:4)
  A jelly (D:4)
  An orc wizard (D:3)
  2 iguanas
  An adder (D:3)
  A worm (D:2)
  2 dart slugs
  9 orcs
  2 bats
  5 endoplasms
  2 giant cockroaches
  6 goblins
  10 hobgoblins
  4 jackals (D:4)
  5 quokkas
  4 ball pythons
  A frilled lizard (D:2)
  13 kobolds
  6 rats
81 creatures vanquished.

Notes
Turn   | Place    | Note
-------+----------+-------------------------------------------
     0 | D:1      | qw the Gargoyle Fighter began the quest for the Orb.
     0 | D:1      | Reached XP level 1. HP: 14/14 MP: 1/1
     0 | D:1      | 0 ||| qw: Version: 0.3-a-9-g12657ce
     0 | D:1      | 0 ||| qw: Game counter: 1145
     0 | D:1      | 0 ||| qw: Always use a shield: true
     0 | D:1      | 0 ||| qw: God list: Okawaru
     0 | D:1      | 0 ||| qw: Allow faded altars: false
     0 | D:1      | 0 ||| qw: Do Orc after D:15 true
     0 | D:1      | 0 ||| qw: Do second Lair branch before Depths: true
     0 | D:1      | 0 ||| qw: Lair rune preference: random
     0 | D:1      | 0 ||| qw: Plans: Normal, Zot:1-4, Slime:5, God:TSO, Crypt,
                  | Tomb, Abyss, Pan, Hells, Win
     0 | D:1      | 0 ||| PLANNING D:1-11
    65 | D:1      | Reached skill level 2 in Axes
   127 | D:1      | Reached XP level 2. HP: 19/19 MP: 2/2
   127 | D:1      | 127 ||| Stepping ~*~*~tactically~*~*~ (stealth).
   180 | D:1      | Found a hide-covered altar of Uskayaw.
   181 | D:1      | 181 ||| FLEEEEING.
   182 | D:1      | 182 ||| FLEEEEING.
   280 | D:1      | Reached skill level 3 in Axes
   351 | D:1      | Reached XP level 3. HP: 20/23 MP: 3/3
   519 | D:1      | 519 ||| UPGRADING to ring of willpower.
   520 | D:1      | 520 ||| READING scroll labelled XUXACONAUN.
   525 | D:1      | 525 ||| READING scroll labelled RULUUN GAYDEKE.
   526 | D:1      | 526 ||| READING scroll labelled WYLAALI HATUZYDA.
   527 | D:1      | 527 ||| DRINKING 2 green potions.
   562 | D:2      | 562 ||| Stepping ~*~*~tactically~*~*~ (hiding).
   640 | D:2      | 640 ||| Stepping ~*~*~tactically~*~*~ (stealth).
   653 | D:2      | Reached skill level 1 in Throwing
   933 | D:2      | 933 ||| DROPPING +0 whip.
  1243 | D:2      | 1243 ||| Stepping ~*~*~tactically~*~*~ (hiding).
  1244 | D:2      | 1244 ||| Stepping ~*~*~tactically~*~*~ (hiding).
  1522 | D:2      | 1522 ||| DROPPING scarf of invisibility.
  1523 | D:2      | 1523 ||| UPGRADING to +0 plate armour.
  1533 | D:2      | 1533 ||| DROPPING +0 scale mail.
  1534 | D:2      | 1534 ||| UPGRADING to +6 ring of dexterity.
  1535 | D:2      | 1535 ||| READING scroll labelled ZUC AGHEYMUL.
  1641 | D:3      | Found Lepoanotz's Book Emporium.
  1667 | D:3      | 1667 ||| Stepping ~*~*~tactically~*~*~ (hiding).
  1773 | D:3      | Reached XP level 4. HP: 28/28 MP: 4/4
  2067 | D:3      | Found an opulent altar of Gozag.
  2085 | D:3      | 2085 ||| Stepping ~*~*~tactically~*~*~ (hiding).
  2087 | D:3      | 2087 ||| Stepping ~*~*~tactically~*~*~ (hiding).
  2094 | D:3      | Reached skill level 4 in Axes
  2471 | D:3      | 2471 ||| DRINKING 2 sapphire potions.
  2472 | D:3      | 2472 ||| DRINKING 2 glowing white potions.
  2473 | D:3      | 2473 ||| DROPPING potion of invisibility.
  2497 | D:4      | 2497 ||| STAIRDANCE
  2500 | D:3      | Reached skill level 1 in Dodging
  2500 | D:3      | Reached XP level 5. HP: 25/32 MP: 5/5
  2584 | D:4      | Reached skill level 5 in Axes
  2705 | D:4      | Reached XP level 6. HP: 38/38 MP: 6/6
  2833 | D:4      | 2833 ||| Stepping ~*~*~tactically~*~*~ (stealth).
  2840 | D:4      | Found a staircase to the Ecumenical Temple.
  2840 | D:4      | Noticed an ice beast
  2841 | D:4      | 2841 ||| PLANNING TEMPLE
  2848 | D:4      | Killed an ice beast
  2849 | D:4      | 2849 ||| UPGRADING to +0 pair of boots.
  2854 | D:4      | 2854 ||| DROPPING ring of flight.
  2855 | D:4      | 2855 ||| READING scroll labelled EBUITZ QETA.
  2856 | D:4      | 2856 ||| READING scroll labelled VAMUIBB LIWK.
  2857 | D:4      | 2857 ||| READING 3 scrolls of identify.
  2857 | D:4      | 2857 ||| IDENTIFYING yellow potion
  2858 | D:4      | 2858 ||| READING 2 scrolls of identify.
  2858 | D:4      | 2858 ||| IDENTIFYING dark potion
  2868 | Temple   | Entered the Ecumenical Temple
  2919 | Temple   | 2919 ||| PLANNING D:1-11
  3364 | D:4      | Reached XP level 7. HP: 44/44 MP: 7/7
  3455 | D:4      | 3455 ||| READING scroll labelled LUPIEPS YSMIUHASH.
  3476 | D:5      | Entered Level 5 of the Dungeon
  3496 | D:5      | Noticed Edmund
  3511 | D:5      | HP: 5/44 [Edmund/+1 flail of holy wrath (7)]
  3512 | D:5      | 3512 ||| READING 2 scrolls of teleportation.
  3513 | D:5      | 3513 ||| DRINKING potion of heal wounds.
  3515 | D:5      | Killed Edmund
  3515 | D:5      | Found Saoxowi's Weapon Shop.
  3516 | D:5      | Reached skill level 6 in Axes
  3516 | D:5      | 3516 ||| READING scroll of teleportation.
  3516 | D:5      | Killed from afar by an orc priest

Levels and vault maps discovered:
D:1:      dpeg_arrival_rhombi, layout_rooms, minmay_hexomino_r4
D:2:      layout_loops_ring, minivault_14, lexackson_kobold_supper
D:3:      layout_basic, mainiacjoe_overflow_six_doors_small, serial_shops, shop,
          dreamdust_princess_corridor
D:4:      layout_gridville, minmay_temple_entry_junction
D:5:      layout_basic, kennysheep_mini_moat, serial_shops, shop,
          kennysheep_generic_room_12, uniq_edmund, uniq_duvessa
Temple:   eino_wide_crystal_templ

Skill      XL: |  1  2  3  4  5  6  7 |
---------------+----------------------+-----
Axes           | 2 3 4 5 6 |  6.1
Throwing       | 1 |  1.0
Dodging        | 1 |  1.2
Fighting       | 4 |  4.8
Armour         | |  3.2
Shields        | |  3.2

Action                     |  1- 3 |  4- 6 |  7- 9 || total
---------------------------+-------+-------+-------++-------
  Melee: War axe           |    92 |    54 |    16 ||   162
  Throw: Javelin           |    36 |    35 |     1 ||    72
         Boomerang         |     8 |    12 |       ||    20
    Use: Scroll            |     4 |     4 |     3 ||    11
         Potion            |     1 |     2 |     1 ||     4
 Armour: Scale mail        |    37 |       |       ||    37
         Plate armour      |     4 |    33 |     9 ||    46
  Dodge: Dodged            |    39 |    17 |     2 ||    58
  Block: Buckler           |    18 |    15 |     2 ||    35

Table legend:
 A = Non-vault XP
 B = Vault XP
 C = Vault XP percentage of total XP
 D = Non-vault monster count
 E = Vault monster count
 F = Vault count percentage of total count
                 A         B        C        D         E       F
            +---------+---------+-------+---------+---------+-------
      Total |     630 |     185 |  22.7 |      70 |      11 |  13.6
            +---------+---------+-------+---------+---------+-------
        D:1 |      38 |       6 |  13.6 |      23 |       2 |   8.0
        D:2 |      17 |      10 |  37.0 |       7 |       8 |  53.3
        D:3 |     112 |       0 |   0.0 |      16 |       0 |   0.0
        D:4 |     463 |       0 |   0.0 |      24 |       0 |   0.0
        D:5 |       0 |     169 | 100.0 |       0 |       1 | 100.0
            +---------+---------+-------+---------+---------+-------
